AoeStats
← | ArCas | Toruk Makto

Arena

507860661Analyzed
4v4 RM · 11d ago on Sep 20, 2026· 12m 55s· 8 players
Game mode
Random Map
Map size
Large (8 player)
Population
200
Speed
Normal
Resources
Standard
Victory
Conquest
Starting age
Dark Age
Ending age
Imperial Age
RankedLock teamsTeams togetherTeam positionsShared explorationLock speedFull tech treeHidden civsTurbo modeCheats
Victory
Defeat
🇨🇱 Chinese · Chile
1331
+16
🇪🇨 Maya · Ecuador
1299
+18
🇦🇷 Malay · Argentina
1279
+18
🇦🇷 Cumans · Argentina
1265
+19
🇲🇽 Teutons · Mexico
1357
-19
🇬🇵 Bohemians · Guadeloupe
1349
-18
🇷🇺 Dravidians · Russia
1349
-18
🇦🇷 Berbers · Argentina
1281
-16
Youtube Nimro7
0:36 Loom
9:55 Feudal Age
15:07 Castle Age
| ArCas | Toruk Makto
11:57 Feudal Age
Poeta Abatido
0:26 Loom
10:06 Feudal Age
12:57 Fletching
GhosTSnihsa
9:16 Feudal Age
9:52 Horse Collar
10:07 Double-Bit Axe
10:08 Horse Collar
Watermelon
jpipo29
2:41 Loom
4:32 Loom
7:37 Loom
11:19 Feudal Age
15:00 Castle Age
SULIMAN
9:55 Feudal Age
10:36 Double-Bit Axe
12:39 Loom
15:10 Castle Age
Seifer
5:32 Loom
8:29 Feudal Age
9:11 Double-Bit Axe
11:02 Town Watch
Connection lost

Rejoining the realm…

Still unreachable

The connection could not be restored.

Session expired

The server has moved on; the page needs a fresh start.